BSA
PORTLAND CARDS @ SPRINGFIELD STARS
06/09/2030
 
TOP OF THE 1ST
Portland Cards batting - Pitching for Springfield Stars : LHP José López
Pitching: LHP José López
Batting: RHB Carlos Sánchez 0-0: Ball
1-0: SINGLE (Groundball, 6MD)
Batting: RHB Jesús Gutiérrez 0-0: Called Strike
0-1: Ball
Carlos Sánchez is caught stealing 2nd base
1-1: DOUBLE (Line Drive, 7D)
Batting: LHB Paul Mullins 0-0: Ball
1-0: Called Strike
1-1: Called Strike
1-2: Foul Ball, location: 2F
1-2: Strikes out swinging
Batting: SHB Giancarlo Giannini 0-0: Ball
1-0: Ball
2-0: Swinging Strike
2-1: Foul Ball, location: 2F
2-2: Strikes out swinging
Top of the 1st over - 0 runs, 2 hits, 0 errors, 1 left on base; Portland 0 - Springfield 0
BOTTOM OF THE 1ST
Springfield Stars batting - Pitching for Portland Cards : RHP John Drake
Pitching: RHP John Drake
Batting: RHB Norberto Taváres 0-0: Called Strike
0-1: Ball
1-1: Foul Ball, location: 2F
1-2: Ball
2-2: Fly out, F8 (Flyball, 8LD)
Batting: LHB Jesús Tobías 0-0: Fly out, F8 (Flyball, 8RM)
Batting: LHB Derek Davidson 0-0: Ball
1-0: Ball
2-0: Called Strike
2-1: Foul Ball, location: 2F
2-2: Ball
3-2: Base on Balls
Batting: LHB Felipe Guerrero 0-0: Ball
1-0: Ball
2-0: Foul Ball, location: 2F
2-1: Foul Ball, location: 2F
2-2: Fly out, F7 (Flyball, 7)
Bottom of the 1st over - 0 runs, 0 hits, 0 errors, 1 left on base; Portland 0 - Springfield 0
TOP OF THE 2ND
Portland Cards batting - Pitching for Springfield Stars : LHP José López
Batting: RHB Bonifacio Torres 0-0: Reached on error, E6 (Groundball, 6)
Batting: SHB Felipe Castro 0-0: Ball
1-0: Fly out, F8 (Flyball, 8LS)
Batting: LHB Caleb Hall 0-0: Ball
1-0: Ball
2-0: Ball
3-0: Called Strike
3-1: Called Strike
3-2: Fly out, F7 (Flyball, 78S)
Batting: LHB Héctor Cruz 0-0: Ball
1-0: Called Strike
1-1: Ball
2-1: Ball
3-1: Fly out, F9 (Flyball, 9)
Top of the 2nd over - 0 runs, 0 hits, 1 error, 1 left on base; Portland 0 - Springfield 0
BOTTOM OF THE 2ND
Springfield Stars batting - Pitching for Portland Cards : RHP John Drake
Batting: LHB Elliott Newell 0-0: Ball
1-0: Ball
2-0: Called Strike
2-1: Ball
3-1: SOLO HOME RUN (Flyball, 78XD), Distance : 437 ft
Batting: RHB Calvin Bennett 0-0: Ball
1-0: Ball
2-0: Fly out, F9 (Line Drive, 9LM)
Batting: SHB António De La Cruz 0-0: Ground out 5-3 (Groundball, 56S)
Batting: RHB Gabriel Erwin 0-0: Called Strike
0-1: Ground out 6-3 (Groundball, 6S)
Bottom of the 2nd over - 1 run, 1 hit, 0 errors, 0 left on base; Portland 0 - Springfield 1
TOP OF THE 3RD
Portland Cards batting - Pitching for Springfield Stars : LHP José López
Batting: LHB Joel Nelson 0-0: Ball
1-0: Foul Ball, location: 2F
1-1: Foul Ball, location: 2F
1-2: Ball
2-2: Strikes out swinging
Batting: RHB Carlos Sánchez 0-0: Ball
1-0: Called Strike
1-1: SINGLE (Groundball, 6MD)
Batting: RHB Jesús Gutiérrez 0-0: Called Strike
0-1: Ball
1-1: Foul Ball, location: 2F
1-2: DOUBLE (Line Drive, 7LS)
Carlos Sánchez to third
Runner from 3rd tries for Home, SAFE, no throw
Batting: LHB Paul Mullins 0-0: Fly out, F9 (Flyball, 9LS)
Batting: SHB Giancarlo Giannini 0-0: Ball
1-0: Ball
2-0: Swinging Strike
2-1: Ball
3-1: Called Strike
3-2: Base on Balls
Batting: RHB Bonifacio Torres 0-0: Swinging Strike
0-1: Ground out 4-3 (Groundball, 4)
Top of the 3rd over - 1 run, 2 hits, 0 errors, 2 left on base; Portland 1 - Springfield 1
BOTTOM OF THE 3RD
Springfield Stars batting - Pitching for Portland Cards : RHP John Drake
Batting: RHB Juan Carlos Rodríguez 0-0: Called Strike
0-1: Ball
1-1: Swinging Strike
1-2: Strikes out swinging
Batting: RHB Norberto Taváres 0-0: Ball
1-0: Ball
2-0: Swinging Strike
2-1: Swinging Strike
2-2: Ball
3-2: Base on Balls
Batting: LHB Jesús Tobías 0-0: Ball
1-0: Ball
2-0: Foul Ball, location: 2F
2-1: Called Strike
2-2: Ball
3-2: SINGLE (Line Drive, 9S)
Norberto Taváres to second
Batting: LHB Derek Davidson 0-0: Ball
1-0: Foul Ball, location: 2F
1-1: Ball
2-1: Foul Ball, location: 2F
2-2: DOUBLE (Line Drive, 9LM)
Norberto Taváres scores
Jesús Tobías to third
Runner from 3rd tries for Home, SAFE, no throw
Batting: LHB Felipe Guerrero 0-0: Swinging Strike
0-1: Foul Ball, location: 2F
0-2: Strikes out swinging
Batting: LHB Elliott Newell 0-0: Ball
1-0: Ball
2-0: Ball
3-0: Called Strike
3-1: Base on Balls
Batting: RHB Calvin Bennett 0-0: Foul Ball, location: 2F
0-1: Foul Ball, location: 2F
0-2: Ball
1-2: Strikes out swinging
Bottom of the 3rd over - 2 runs, 2 hits, 0 errors, 2 left on base; Portland 1 - Springfield 3
TOP OF THE 4TH
Portland Cards batting - Pitching for Springfield Stars : LHP José López
Batting: SHB Felipe Castro 0-0: Foul Ball, location: 2F
0-1: Hit by Pitch
Pinch Runner at 1st Chance Santry:
Batting: LHB Caleb Hall 0-0: Ball
1-0: Called Strike
1-1: Foul Ball, location: 2F
1-2: Strikes out swinging
Batting: LHB Héctor Cruz 0-0: Called Strike
0-1: Ball
1-1: Grounds into double play, 6-4-3 (Groundball, 6M)
Top of the 4th over - 0 runs, 0 hits, 0 errors, 0 left on base; Portland 1 - Springfield 3
BOTTOM OF THE 4TH
Springfield Stars batting - Pitching for Portland Cards : RHP John Drake
Now in LF: Chance Santry
Batting: SHB António De La Cruz 0-0: Ball
1-0: Ball
2-0: Fly out, F8 (Line Drive, 8RM)
Batting: RHB Gabriel Erwin 0-0: Ball
1-0: Ball
2-0: Foul Ball, location: 2F
2-1: Called Strike
2-2: Ground out 6-3 (Groundball, 6)
Batting: RHB Juan Carlos Rodríguez 0-0: Called Strike
0-1: Foul Ball, location: 2F
0-2: SINGLE (Groundball, 6D)
Pitching: RHP Isaac Coleman
Batting: RHB Norberto Taváres 0-0: Swinging Strike
0-1: Ball
1-1: Fly out, F3 (Popup, 23F)
Bottom of the 4th over - 0 runs, 1 hit, 0 errors, 1 left on base; Portland 1 - Springfield 3
TOP OF THE 5TH
Portland Cards batting - Pitching for Springfield Stars : LHP José López
Batting: LHB Joel Nelson 0-0: Ball
1-0: Called Strike
1-1: Foul Ball, location: 2F
1-2: Ball
2-2: Strikes out swinging
Batting: RHB Carlos Sánchez 0-0: Called Strike
0-1: Ground out 5-3 (Groundball, 56)
Batting: RHB Jesús Gutiérrez 0-0: SINGLE (Groundball, 34D)
Batting: LHB Paul Mullins 0-0: Ball
1-0: Ball
2-0: Foul Ball, location: 2F
2-1: Ball
3-1: Foul Ball, location: 2F
3-2: Foul Ball, location: 2F
3-2: Ground out 3-1 (Groundball, 34S)
Top of the 5th over - 0 runs, 1 hit, 0 errors, 1 left on base; Portland 1 - Springfield 3
BOTTOM OF THE 5TH
Springfield Stars batting - Pitching for Portland Cards : RHP Isaac Coleman
Batting: LHB Jesús Tobías 0-0: Called Strike
0-1: Ball
1-1: DOUBLE (Line Drive, 9LM)
Batting: LHB Derek Davidson 0-0: Ball
1-0: Foul Ball, location: 2F
1-1: SINGLE (Groundball, 3L) (infield hit)
Jesús Tobías to third
Batting: LHB Felipe Guerrero 0-0: Ball
1-0: Called Strike
1-1: Foul Ball, location: 2F
1-2: Foul Ball, location: 2F
1-2: Ground out U3 (Groundball, 3)
Derek Davidson to second
Batting: LHB Elliott Newell 0-0: Called Strike
0-1: Ball
1-1: Foul Ball, location: 2F
1-2: Foul Ball, location: 2F
1-2: Ground out 1-3 (Groundball, P)
Batting: RHB Calvin Bennett 0-0: Ball
1-0: Called Strike
1-1: Ball
2-1: SINGLE (Groundball, 56D)
Jesús Tobías scores
Derek Davidson to third
Runner from 3rd tries for Home, SAFE, throw made home
Batting: SHB António De La Cruz 0-0: Ball
1-0: Ball
2-0: DOUBLE (Line Drive, 7LD)
Calvin Bennett to third
Runner from 3rd tries for Home, SAFE, no throw
Pitching: LHP Guillermo Quiñones
Batting: RHB Gabriel Erwin 0-0: Ball
1-0: 2-RUN HOME RUN (Flyball, 7D), Distance : 378 ft
Batting: RHB Juan Carlos Rodríguez 0-0: Foul Ball, location: 2F
0-1: Foul Ball, location: 2F
0-2: Fly out, F4 (Popup, 34S)
Bottom of the 5th over - 5 runs, 5 hits, 0 errors, 0 left on base; Portland 1 - Springfield 8
TOP OF THE 6TH
Portland Cards batting - Pitching for Springfield Stars : LHP José López
Batting: SHB Giancarlo Giannini 0-0: Ball
1-0: Ball
2-0: Called Strike
2-1: SINGLE (Line Drive, 8LS)
Batting: RHB Bonifacio Torres 0-0: Foul Ball, location: 2F
0-1: Grounds into double play, 5-4-3 (Groundball, 56)
Batting: LHB Chance Santry 0-0: Foul Ball, location: 2F
0-1: Swinging Strike
0-2: Foul Ball, location: 2F
0-2: Fly out, F8 (Flyball, 8LM)
Top of the 6th over - 0 runs, 1 hit, 0 errors, 0 left on base; Portland 1 - Springfield 8
BOTTOM OF THE 6TH
Springfield Stars batting - Pitching for Portland Cards : LHP Guillermo Quiñones
Batting: RHB Norberto Taváres 0-0: Ball
1-0: Called Strike
1-1: Swinging Strike
1-2: Foul Ball, location: 2F
1-2: Strikes out swinging
Batting: LHB Jesús Tobías 0-0: Ball
1-0: Foul Ball, location: 2F
1-1: Ball
2-1: Ball
3-1: Base on Balls
Batting: LHB Derek Davidson 0-0: Ball
1-0: Ball
2-0: Called Strike
2-1: Foul Ball, location: 2F
2-2: Reached on error, E4 (Groundball, 4)
Jesús Tobías to second
Batting: LHB Felipe Guerrero 0-0: Foul Ball, location: 2F
0-1: Ball
1-1: Ball
2-1: Ball
3-1: SINGLE (Groundball, 4MD)
Jesús Tobías to third
Derek Davidson to second
Runner from 3rd tries for Home, SAFE, no throw
Batting: LHB Elliott Newell 0-0: Called Strike
0-1: Foul Ball, location: 2F
0-2: Ball
1-2: Ball
2-2: Fly out, F4 (Line Drive, 4)
Batting: RHB Calvin Bennett 0-0: Ball
1-0: Ball
2-0: Called Strike
2-1: Foul Ball, location: 2F
2-2: Ball
3-2: Base on Balls
Derek Davidson to third
Felipe Guerrero to second
Batting: SHB António De La Cruz 0-0: Ball
1-0: Swinging Strike
1-1: Foul Ball, location: 2F
1-2: Foul Ball, location: 2F
1-2: Foul Ball, location: 2F
1-2: SINGLE (Groundball, 56D)
Derek Davidson scores
Felipe Guerrero to third
Calvin Bennett to second
Runner from 3rd tries for Home, SAFE, throw made home
Batting: RHB Gabriel Erwin 0-0: Swinging Strike
0-1: Ball
1-1: Fly out, F8 (Flyball, 8LS)
Bottom of the 6th over - 3 runs, 2 hits, 1 error, 2 left on base; Portland 1 - Springfield 11
TOP OF THE 7TH
Portland Cards batting - Pitching for Springfield Stars : LHP José López
Batting: LHB Caleb Hall 0-0: Called Strike
0-1: Ball
1-1: SOLO HOME RUN (Line Drive, 9LD), Distance : 331 ft
Batting: LHB Héctor Cruz 0-0: Called Strike
0-1: SINGLE (Groundball, 4MD)
Batting: LHB Joel Nelson 0-0: Called Strike
0-1: Foul Ball, location: 2F
0-2: Strikes out swinging
Batting: RHB Carlos Sánchez 0-0: Called Strike
0-1: Called Strike
0-2: Fielders Choice at 2nd, 6-4 (Groundball, 6)
Batting: RHB Jesús Gutiérrez 0-0: Ball
1-0: Ball
2-0: Foul Ball, location: 2F
2-1: Ground out 5-3 (Groundball, 56S)
Top of the 7th over - 1 run, 2 hits, 0 errors, 1 left on base; Portland 2 - Springfield 11
BOTTOM OF THE 7TH
Springfield Stars batting - Pitching for Portland Cards : LHP Guillermo Quiñones
Batting: RHB Juan Carlos Rodríguez 0-0: Ball
1-0: Ball
2-0: Foul Ball, location: 2F
2-1: SINGLE (Groundball, 6MD)
Batting: RHB Norberto Taváres 0-0: Ball
1-0: Foul Ball, location: 2F
1-1: Ball
2-1: Foul Ball, location: 2F
2-2: Ball
3-2: Fly out, F6 (Line Drive, 6)
Batting: LHB Jesús Tobías 0-0: Ball
1-0: Ball
2-0: Ball
3-0: Base on Balls
Juan Carlos Rodríguez to second
Batting: LHB Derek Davidson 0-0: Foul Ball, location: 2F
0-1: Foul Ball, location: 2F
0-2: Ball
1-2: SINGLE (Line Drive, 56)
Juan Carlos Rodríguez to third
Jesús Tobías to second
Batting: LHB Felipe Guerrero 0-0: Ball
1-0: Ball
2-0: Called Strike
2-1: Ball
3-1: Fly out, F7 (Flyball, 7)
Runner from 3rd tags up, SCORES, throw made
Batting: LHB Elliott Newell 0-0: Ball
1-0: Ball
2-0: Called Strike
2-1: Ball
3-1: SINGLE (Line Drive, 56D)
Jesús Tobías to third
Derek Davidson to second
Runner from 3rd tries for Home, SAFE, no throw
Batting: RHB Calvin Bennett 0-0: Called Strike
0-1: Swinging Strike
0-2: Ball
1-2: Ball
2-2: Fielders Choice at 2nd, 6-4 (Groundball, 6)
Bottom of the 7th over - 2 runs, 3 hits, 0 errors, 2 left on base; Portland 2 - Springfield 13
TOP OF THE 8TH
Portland Cards batting - Pitching for Springfield Stars : LHP José López
Batting: LHB Paul Mullins 0-0: Called Strike
0-1: SINGLE (Line Drive, 78M)
Batting: SHB Giancarlo Giannini 0-0: Ball
1-0: Swinging Strike
1-1: Ball
2-1: Ball
3-1: SINGLE (Groundball, 56D)
Paul Mullins to second
Pitching: RHP Hyo-chin Ch'oe
Batting: RHB Bonifacio Torres 0-0: Called Strike
0-1: Foul Ball, location: 2F
0-2: Ball
1-2: Foul Ball, location: 2F
1-2: Strikes out looking
Batting: LHB Chance Santry 0-0: Ground out U3 (Groundball, 3S)
Paul Mullins to third
Giancarlo Giannini to second
Batting: LHB Caleb Hall 0-0: Ball
1-0: Ball
2-0: Ball
3-0: Base on Balls
Batting: LHB Héctor Cruz 0-0: Foul Ball, location: 2F
0-1: Ball
1-1: Ball
2-1: SINGLE (Line Drive, 78M)
Paul Mullins scores
Giancarlo Giannini to third
Caleb Hall to second
Runner from 3rd tries for Home, SAFE, throw made home
Batting: LHB Joel Nelson 0-0: Ball
1-0: Ground out 4-3 (Groundball, 4S)
Top of the 8th over - 2 runs, 3 hits, 0 errors, 2 left on base; Portland 4 - Springfield 13
BOTTOM OF THE 8TH
Springfield Stars batting - Pitching for Portland Cards : LHP Guillermo Quiñones
Batting: SHB António De La Cruz 0-0: Ball
1-0: Ball
2-0: Ball
3-0: Called Strike
3-1: Base on Balls
Batting: RHB Gabriel Erwin 0-0: Ball
1-0: Foul Ball, location: 2F
1-1: Ball
2-1: Ball
3-1: Base on Balls
António De La Cruz to second
Batting: RHB Juan Carlos Rodríguez 0-0: Called Strike
0-1: SINGLE (Groundball, 56D)
António De La Cruz to third
Gabriel Erwin to second
Runner from 3rd tries for Home, SAFE, no throw
Batting: RHB Norberto Taváres 0-0: Foul Ball, location: 2F
0-1: Ball
1-1: Ball
2-1: Ball
3-1: Foul Ball, location: 2F
3-2: Fly out, F8 (Flyball, 89M)
Batting: LHB Jesús Tobías 0-0: Ball
1-0: Ball
2-0: Foul Ball, location: 2F
2-1: Called Strike
2-2: SINGLE (Groundball, 34D)
Gabriel Erwin to third
Juan Carlos Rodríguez to second
Runner from 3rd tries for Home, SAFE, no throw
Batting: LHB Derek Davidson 0-0: Ball
1-0: Swinging Strike
1-1: Ball
2-1: Foul Ball, location: 2F
2-2: Ball
3-2: SINGLE (Groundball, 34D)
Juan Carlos Rodríguez to third
Jesús Tobías to second
Runner from 3rd tries for Home, SAFE, no throw
Batting: LHB Felipe Guerrero 0-0: Ground out 6-3 (Groundball, 6MD)
Jesús Tobías to third
Derek Davidson to second
Batting: LHB Elliott Newell 0-0: Swinging Strike
0-1: Called Strike
0-2: Fly out, F7 (Flyball, 78S)
Bottom of the 8th over - 3 runs, 3 hits, 0 errors, 2 left on base; Portland 4 - Springfield 16
TOP OF THE 9TH
Portland Cards batting - Pitching for Springfield Stars : RHP Hyo-chin Ch'oe
Batting: RHB Carlos Sánchez 0-0: Ground out 5-3 (Groundball, 56S)
Batting: RHB Jesús Gutiérrez 0-0: Ball
1-0: Ground out 4-3 (Groundball, 4)
Batting: LHB Paul Mullins 0-0: Called Strike
0-1: Swinging Strike
0-2: Ball
1-2: Ground out 4-3 (Groundball, 4)
Top of the 9th over - 0 runs, 0 hits, 0 errors, 0 left on base; Portland 4 - Springfield 16
Saturday, April 7th, 2018 - OOTP Baseball 18.8 Build 76